 Dungeon Crawl Stone Soup version 0.28.0 (webtiles) character file.

Game seed: 7117553959791025049

431 Sanktem7 the Chopper (level 6, -9/56 HPs)
             Began as a Minotaur Fighter on Feb 13, 2022.
             Mangled by an orc warrior (13 damage)
             ... on level 4 of the Dungeon.
             The game lasted 00:08:46 (3426 turns).

Sanktem7 the Chopper (Minotaur Fighter)             Turns: 3426, Time: 00:08:46

Health: -9/56      AC:  5    Str: 21 (23) XL:     6   Next: 67%
Magic:  5/5        EV:  9    Int:  4 (5)  God:
Gold:   148        SH:  8    Dex:  8 (9)  Spells: 5/5 levels left

rFire   . . .      SeeInvis .   a - +0 war axe (chaos)
rCold   . . .      Faith    .   c - +0 buckler
rNeg    . . .      Spirit   .   b - +0 scale mail
rPois   .          Reflect  .   (helmet restricted)
rElec   .          Harm     .   g - +0 cloak
rCorr   .          Rampage  .   (no gloves)
Will    .....      Clarity  +   (no boots)
Stlth   ..........              (no amulet)
HPRegen 0.18/turn               (no ring)
MPRegen 0.09/turn               (no ring)

@: no status effects
A: horns 2, retaliatory headbutt, large bone plates 1, clarity, deformed body
a: no special abilities


You were on level 4 of the Dungeon.
You visited 1 branch of the dungeon, and saw 4 of its levels.

You collected 148 gold pieces.

Inventory:

Hand Weapons
 a - a +0 war axe of chaos (weapon)
Armour
 b - a +0 scale mail (worn)
 c - a +0 buckler (worn)
 g - a +0 cloak (worn)
Jewellery
 e - a ring of magical power
Wands
 n - a wand of flame (10)
 r - a wand of paralysis (9)
Scrolls
 f - 3 scrolls of identify {unknown}
 h - a scroll of teleportation
 j - a scroll of fear
 m - 2 scrolls of amnesia
Potions
 d - 3 potions of might
 i - a potion of flight {unknown}
 k - a potion of degeneration
 l - 2 potions of haste


   Skills:
 * Level 5.0 Fighting
 * Level 6.3 Axes
 * Level 5.6 Armour
 + Level 1.6 Dodging
 - Level 3.6 Shields


You had 5 spell levels left.
You didn't know any spells.
Your spell library was empty.

Dungeon Overview and Level Annotations

Branches:
Dungeon (4/15)
 Temple: D:4-7

Altars:
Dithmenos

Shops:
D:3 :


Innate Abilities, Weirdness & Mutations

You have a pair of horns on your head.
You reflexively headbutt those who attack you in melee.
You are partially covered in large bone plates. (SH +4)
You possess an exceptional clarity of mind.
Armour fits poorly on your strangely shaped body.


Message History

You see here a dart slug corpse.
A giant cockroach and an endoplasm come into view.
There are monsters nearby!
You hit the giant cockroach. You burn the giant cockroach.
You kill the giant cockroach!
The endoplasm completely misses you.
You see here a giant cockroach corpse.
You slash the endoplasm!
You kill the endoplasm!
An orc warrior, an orc wizard and 2 orcs come into view.
The orc warrior is wielding a +1 mace of protection.
The orc warrior shouts!
The orc shouts!
The orc wizard shouts!
The orc shouts!
There are monsters nearby!
You slash the orc! You burn the orc.
You kill the orc!
You see here a giant cockroach corpse.
You see here a giant cockroach corpse.
You closely miss the orc warrior.
The orc warrior hits you with a +1 mace of protection!
You hit the orc warrior but do no damage.
The orc warrior seems to speed up.
You block the orc warrior's attack. The orc warrior misses you.
You barely miss the orc warrior. The orc warrior barely misses you.
You block the orc warrior's attack.
You barely miss the orc warrior.
The orc warrior hits you with a +1 mace of protection!
You block the orc warrior's attack.
You hit the orc warrior but do no damage.
The orc warrior hits you with a +1 mace of protection!
* * * LOW HITPOINT WARNING * * *
You closely miss the orc warrior.
The orc warrior hits you with a +1 mace of protection!
* * * LOW HITPOINT WARNING * * *
The orc warrior hits you with a +1 mace of protection.
* * * LOW HITPOINT WARNING * * *
The orc wizard gestures wildly while chanting.
The orc wizard flickers and vanishes!
Deactivating autopickup; reactivate with Ctrl-A.
The orc warrior hits you with a +1 mace of protection!
You die...

#+
#.#....#.........#
#.#.####.........#
#.#. ###########
#.# #+ #.# #o #.#
#o #.# #o #.# #.
#@# #. #o#
######)##.#
......o.{.#
.......####
..#####


You could see an orc warrior (fast).

Vanquished Creatures
  2 howler monkeys
  2 orc priests (D:4)
  Crazy Yiuf (D:2)
  Terence (D:2)
  2 orc wizards (D:4)
  A hound skeleton (D:4)
  6 adders
  A white imp (D:3)
  A worm (D:2)
  A dart slug (D:4)
  8 orcs
  8 bats
  9 endoplasms
  5 giant cockroaches
  4 goblins
  9 hobgoblins
  10 jackals
  4 quokkas (D:1)
  10 ball pythons
  6 frilled lizards
  6 kobolds
  8 rats
105 creatures vanquished.

Vanquished Creatures (others)
  A fungus (D:2)
1 creature vanquished.

Grand Total: 106 creatures vanquished

Notes
Turn   | Place    | Note
-------+----------+-------------------------------------------
     0 | D:1      | Sanktem7 the Minotaur Fighter began the quest for the Orb.
     0 | D:1      | Reached XP level 1. HP: 19/19 MP: 0/0
   177 | D:1      | Reached XP level 2. HP: 22/27 MP: 1/1
   411 | D:1      | Reached skill level 3 in Axes
   767 | D:2      | Reached XP level 3. HP: 33/33 MP: 2/2
   846 | D:2      | Noticed Terence
   853 | D:2      | Killed Terence
   863 | D:2      | Reached XP level 4. HP: 31/40 MP: 3/3
  1137 | D:2      | Found a runed translucent door.
  1138 | D:2      | Noticed Crazy Yiuf
  1187 | D:2      | Reached skill level 4 in Axes
  1329 | D:2      | Found a shadowy altar of Dithmenos.
  1753 | D:2      | Killed Crazy Yiuf
  1754 | D:2      | Reached XP level 5. HP: 14/47 MP: 4/4
  2012 | D:3      | Reached skill level 1 in Dodging
  2147 | D:3      | Found Raruixy's Book Boutique.
  2254 | D:3      | Reached skill level 5 in Axes
  2254 | D:3      | Reached skill level 5 in Armour
  2806 | D:4      | Gained mutation: You are partially covered in large bone
                  | plates. (SH +4) [potion of mutation]
  2806 | D:4      | Gained mutation: You possess an exceptional clarity of
                  | mind. [potion of mutation]
  2806 | D:4      | Gained mutation: Armour fits poorly on your strangely
                  | shaped body. [potion of mutation]
  2846 | D:4      | Reached XP level 6. HP: 48/55 MP: 5/5
  3180 | D:4      | Reached skill level 6 in Axes
  3183 | D:4      | Reached skill level 5 in Fighting
  3413 | D:4      | Noticed an orc warrior
  3426 | D:4      | Mangled by an orc warrior

Illustrated notes

Levels and vault maps discovered:
D:1:      lemuel_arrival_funnel, layout_rooms, minmay_statues_item,
          dk_noncrumbling_2, roderic_serpentine_path
D:2:      layout_loops_ring, basic_altar, hangedman_abyss_or_decor_lesser_grid,
          st_stairs_7, hangedman_decor_lopped, uniq_crazy_yiuf_cottage,
          uniq_terence
D:3:      layout_rooms, serial_curves, eino_curves_03, eino_curves_03,
          eino_curves_01, serial_shops, nicolae_shop_stone,
          minmay_misc_feat_diagonals, kennysheep_generic_room_8
D:4:      layout_basic, nicolae_shop_gadgets

Skill      XL: |  1  2  3  4  5  6 |
---------------+-------------------+-----
Armour         | 4 5 |  5.6
Axes           | 3 4 5 6 |  6.3
Fighting       | 4 5 |  5.0
Dodging        | 1 |  1.6
Shields        | |  3.6

Action                   |  1- 3 |  4- 6 || total
-------------------------+-------+-------++-------
Melee: War axe           |    66 |   153 ||   219
       Headbutt          |     9 |    26 ||    35
  Use: Potion            |       |     8 ||     8
       Scroll            |       |     6 ||     6
Armor: Scale mail        |    41 |    63 ||   104
Dodge: Dodged            |    46 |    61 ||   107
Block: Buckler           |    23 |    48 ||    71
